AoeStats
← Jackou75

Fortress

509476580Analyzed
4v4 RM · 6d ago on Sep 26, 2026· 48m 13s· 8 players
Game mode
Random Map
Map size
Huge
Population
200
Speed
Normal
Resources
Standard
Victory
Conquest
Starting age
Dark Age
Ending age
Imperial Age
RankedLock teamsTeams togetherTeam positionsShared explorationLock speedFull tech treeHidden civsTurbo modeCheats
Victory
Defeat
🇫🇷 Franks · France
1021
+12
🇨🇦 Varangians · Canada
953
+14
🇬🇧 Saracens · United Kingdom
919
+16
🇹🇷 Slavs · Türkiye
918
+15
🇵🇪 Varangians · Peru
940
-15
🇨🇦 Danes · Canada
929
-15
🇹🇷 Saxons · Türkiye
909
-14
🇵🇪 Khitans · Peru
881
-13
SgtSpookjohnson
9:52 Feudal Age
15:29 Castle Age
13:33 Double-Bit Axe
13:34 Horse Collar
13:48 Stone Mining
13:52 Gold Mining
18:28 Wheelbarrow
23:03 Caravan
24:34 Loom
29:17 Gold Shaft Mining
28:58 Scale Mail Armor
29:08 Forging
29:08 Squires
32:16 Imperial Age
Departure
8:56 Feudal Age
10:19 Wheelbarrow
14:16 Castle Age
12:34 Arson
12:50 Stone Mining
12:52 Gold Mining
15:03 Double-Bit Axe
16:07 Bow Saw
18:26 Horse Collar
19:47 Stone Shaft Mining
20:32 Treadmill Crane
22:43 Hand Cart
25:08 Heavy Plow
30:28 Imperial Age
27:29 Vendel Legacy
29:16 Forging
29:06 Scale Mail Armor
29:47 Ballistics
29:52 Bloodlines
29:43 Husbandry
31:25 Fletching
31:35 Padded Archer Armor
31:50 Squires
31:11 Elite Varangian Guard
32:41 Crop Rotation
32:33 Elite Jarl
33:30 Scale Barding Armor
33:21 Bodkin Arrow
33:42 Leather Archer Armor
34:03 Iron Casting
34:09 Iron Casting
33:48 Gothikon
37:03 Chain Barding Armor
37:47 Blast Furnace
37:44 Elite Varangian Guard
39:46 Chain Mail Armor
40:31 Plate Barding Armor
39:57 Bracer
40:27 Ring Archer Armor
41:20 Two-Man Saw
43:23 Masonry
43:08 Murder Holes
43:23 Fortified Wall
44:14 Chemistry
43:47 Plate Mail Armor
Yggdrasil
0:39 Loom
6:19 Feudal Age
6:43 Domestication
6:54 Double-Bit Axe
6:52 Domestication
12:19 Wheelbarrow
15:07 Castle Age
14:47 Forging
14:39 Gold Mining
16:06 Pastoralism
16:19 Bow Saw
16:56 Iron Casting
19:09 Town Watch
19:49 Hand Cart
20:54 Town Patrol
21:24 Husbandry
24:06 Stone Mining
25:23 Lamellar Armor
25:08 Gambesons
25:28 Squires
27:00 Stone Shaft Mining
27:14 Fletching
27:25 Padded Archer Armor
26:50 Pikeman
28:19 Bodkin Arrow
28:39 Treadmill Crane
29:21 Ballistics
29:48 Thumb Ring
30:06 Leather Archer Armor
29:40 Crossbowman
30:57 Elite Skirmisher
31:58 Scale Barding Armor
31:54 Scale Mail Armor
36:45 Imperial Age
37:19 Fortified Wall
37:52 Bracer
38:23 Ring Archer Armor
39:21 Chemistry
39:45 Caravan
41:31 Conscription
40:40 Heavy Rocket Cart
[JRA] MELITIAN
7:47 Feudal Age
12:43 Castle Age
12:13 Double-Bit Axe
14:22 Arson
14:42 Squires
14:59 Forging
14:50 Scale Mail Armor
18:59 Horse Collar
19:34 Gold Mining
21:24 Wheelbarrow
20:36 Loom
23:22 Gold Shaft Mining
23:18 Chain Mail Armor
24:33 Hand Cart
25:16 Fortified Wall
28:31 Imperial Age
28:19 Iron Casting
28:02 Caravan
28:58 Elite Varangian Guard
34:50 Onager
42:46 Plate Mail Armor
| Hooligan |
10:50 Feudal Age
13:24 Horse Collar
16:55 Castle Age
15:08 Double-Bit Axe
17:48 Forging
17:51 Scale Barding Armor
22:14 Bloodlines
22:09 Husbandry
24:36 Bow Saw
25:28 Iron Casting
27:34 Loom
29:51 Heavy Plow
30:33 Wheelbarrow
32:52 Imperial Age
31:28 Chain Barding Armor
33:00 Elite Mameluke
35:20 Two-Man Saw
37:42 Blast Furnace
37:20 Hand Cart
38:26 Plate Barding Armor
39:54 Chemistry
39:53 Bimaristan
42:04 Gold Mining
42:04 Stone Mining
42:04 Gold Mining
42:04 Stone Mining
46:50 Thumb Ring
46:05 Crossbowman
46:50 Scale Mail Armor
46:41 Fletching
47:15 Ballistics
46:40 Arrowslits
47:06 Fortified Wall
47:02 Siege Engineers
Masolas
7:08 Feudal Age
11:34 Castle Age
10:29 Double-Bit Axe
10:25 Horse Collar
14:53 Heavy Plow
16:08 Bow Saw
19:05 Wheelbarrow
18:15 Town Watch
20:26 Hand Cart
20:18 Stone Mining
22:41 Town Patrol
22:28 Loom
26:00 Caravan
26:27 Bloodlines
26:18 Husbandry
26:28 Scale Barding Armor
26:34 Forging
29:23 Iron Casting
29:08 Chain Barding Armor
33:32 Imperial Age
32:11 Vendel Legacy
33:13 Gold Mining
34:04 Stone Shaft Mining
33:49 Fletching
33:39 Cavalier
34:57 Conscription
34:01 Gothikon
35:57 Crop Rotation
36:29 Two-Man Saw
35:46 Guilds
36:23 Plate Barding Armor
36:48 Blast Furnace
37:07 Blast Furnace
39:40 Bodkin Arrow
39:45 Padded Archer Armor
41:01 Chemistry
40:21 Ballistics
40:15 Masonry
40:10 Siege Engineers
39:45 Elite Varangian Guard
40:11 Arson
40:12 Gambesons
40:27 Squires
44:34 Bracer
44:49 Leather Archer Armor
48:00 Elite Jarl
Jackou75
7:39 Feudal Age
8:13 Double-Bit Axe
13:43 Castle Age
12:45 Scale Barding Armor
13:37 Forging
15:00 Bow Saw
14:57 Husbandry
21:40 Chain Barding Armor
26:13 Iron Casting
32:12 Imperial Age
32:24 Gold Mining
32:25 Stone Mining
32:58 Cavalier
34:21 Wheelbarrow
35:26 Elite Throwing Axeman
39:58 Caravan
43:23 Fletching
43:35 Scale Mail Armor
45:06 Hand Cart
madman
3:41 Loom
7:10 Feudal Age
7:49 Double-Bit Axe
7:46 Horse Collar
13:42 Castle Age
12:34 Gold Mining
17:10 Wheelbarrow
16:20 Town Watch
17:03 Bow Saw
17:27 Heavy Plow
20:24 Gold Shaft Mining
19:39 Stone Mining
22:00 Pikeman
22:41 Squires
23:13 Forging
23:03 Scale Mail Armor
23:35 Detinets
24:29 Hand Cart
29:06 Imperial Age
27:56 Iron Casting
27:36 Chain Mail Armor
28:50 Fletching
30:14 Conscription
29:55 Druzhina
30:57 Blast Furnace
30:28 Plate Mail Armor
29:36 Halberdier
30:53 Bodkin Arrow
32:48 Town Patrol
33:29 Crop Rotation
34:14 Two-Man Saw
34:01 Man-at-Arms
34:11 Capped Ram
35:09 Caravan
35:21 Siege Ram
35:25 Long Swordsman
36:54 Caravan
37:47 Two-Handed Swordsman
39:18 Champion
Connection lost

Rejoining the realm…

Still unreachable

The connection could not be restored.

Session expired

The server has moved on; the page needs a fresh start.